 Dungeon Crawl Stone Soup version 0.29-a0-925-g0a7a3d12f8 (webtiles) character file.

Game seed: 13159990475274515112

66 Sabo the Conjurer (level 3, -1/26 HPs)
             Began as a Draconian Conjurer on July 28, 2022.
             Was a Follower of Fedhas.
             Slain by a gnoll
             ... wielding a +0 halberd
              (5 damage)
             ... on level 2 of the Dungeon.
             The game lasted 00:09:53 (1895 turns).

Sabo the Conjurer (Draconian Conjurer)              Turns: 1895, Time: 00:09:53

Health: -1/26      AC:  7    Str:  9    XL:     3   Next: 96%
Magic:  0/6        EV: 12    Int: 20    God:    Fedhas [*.....]
Gold:   91         SH:  0    Dex:  9    Spells: 5/6 levels left

rFire   . . .      SeeInvis .   b - +2 dagger (elec)
rCold   . . .      Faith    .   (no shield)
rNeg    . . .      Spirit   .   (body armour unavailable)
rPois   .          Reflect  .   (helmet restricted)
rElec   .          Harm     .   g - +0 cloak
rCorr   .          Rampage  .   j - +0 pair of gloves
Will    .....                   (no boots)
Stlth   ++........              (no amulet)
HPRegen 0.08/turn               (no ring)
MPRegen 0.10/turn               (no ring)

@: no status effects
A: AC +5, unfitting armour, cold-blooded
a: Renounce Religion


You were on level 2 of the Dungeon.
You worshipped Fedhas.
Fedhas was aware of your devotion.
You visited 1 branch of the dungeon, and saw 2 of its levels.

You collected 91 gold pieces.

Inventory:

Hand Weapons
 b - a +2 dagger of electrocution (weapon)
Missiles
 i - 9 poisoned darts (quivered)
Armour
 g - a +0 cloak (worn)
 j - a +0 pair of gloves (worn)
Scrolls
 d - a scroll of amnesia {unknown}
 h - a scroll of fear {unknown}
 l - a scroll of blinking {unknown}
 m - a scroll of identify {unknown}
 n - a scroll of vulnerability {unknown}
Potions
 a - a potion of magic
 c - 2 potions of curing {unknown}
 e - a potion of might {unknown}
 f - a potion of resistance {unknown}
 k - a potion of attraction {unknown}
 o - 2 potions of degeneration {unknown}


   Skills:
 + Level 0.7 Short Blades
 + Level 1.9 Dodging
 + Level 1.9 Stealth
 + Level 2.3 Spellcasting
 + Level 5.1 Conjurations


You had 5 spell levels left.
You knew the following spells:

 Your Spells              Type           Power      Damage    Failure   Level
a - Magic Dart            Conj           92%        1d7       1%          1

Your spell library contained the following spells:

 Spells                   Type           Power      Damage    Failure   Level
 Searing Ray              Conj           46%        2d6       2%          2
 Dazzling Flash           Conj/Hex       24%        N/A       16%         3
 Fulminant Prism          Conj/Hex       6%         3d7       45%         4
 Iskenderun's Mystic Bla  Conj/Tloc      12%        2d5       45%         4


Dungeon Overview and Level Annotations

Branches:
Dungeon (2/15)

Altars:
Fedhas


Innate Abilities, Weirdness & Mutations

Your plain brown scales are hard. (AC +5)
You cannot fit into any form of body armour.
You are cold-blooded and may be slowed by cold attacks.


Message History

The gnoll is almost dead.
The gnoll hits you but does no damage.
Casting: Magic Dart (safe; 1% risk of failure)
Confirm with . or Enter, or press ? or * to list all spells.
You don't have enough magic to cast this spell.
Unknown command.
The gnoll barely misses you.
You closely miss the gnoll. You tail-slap the gnoll.
The gnoll is almost dead.
The gnoll barely misses you.
You closely miss the gnoll.
Your tail-slap misses the gnoll.
You punch the gnoll.
You kill the gnoll!
Fedhas appreciates your contribution to the ecosystem.
A gnoll comes into view. It is wielding a +0 halberd.
Things that are here:
a +0 spear; a gnoll corpse
Casting: Magic Dart (safe; 1% risk of failure)
Confirm with . or Enter, or press ? or * to list all spells.
Aiming: Magic Dart (safe; 1% risk of failure)
Press: ? - help, Shift-Dir - straight line, f - gnoll
Aim: a gnoll, wielding a +0 halberd (100% to hit)
The magic dart hits the gnoll.
The gnoll is lightly wounded.
Casting: Magic Dart (safe; 1% risk of failure)
Confirm with . or Enter, or press ? or * to list all spells.
Aiming: Magic Dart (safe; 1% risk of failure)
Press: ? - help, Shift-Dir - straight line, f/p - gnoll
Aim: a gnoll, wielding a +0 halberd (lightly wounded, 100% to hit)
The magic dart hits the gnoll.
The gnoll is lightly wounded.
The gnoll hits you from afar with a +0 halberd!
Ouch! That really hurt!
The gnoll hits you with a +0 halberd!
* * * LOW HITPOINT WARNING * * *
You hit the gnoll.
The gnoll is heavily wounded.
The gnoll hits you with a +0 halberd.
You die...
Fedhas appreciates your contribution to the ecosystem.

##################
#................#
#.#.........####.#
#@#.#######.# #.#
#g#.#######.####.#
#.................
#.#.#######....#.#
#.#.# ####.#.#
#.#.. ....# #.# ##
##.### #.# #. #.#
#


You could see a gnoll.

Vanquished Creatures
  Terence (D:2)
  A gnoll (D:2)
  A dart slug (D:2)
  An orc (D:2)
  2 ball pythons (D:2)
  5 bats
  An endoplasm (D:1)
  2 giant cockroaches
  6 goblins
  2 hobgoblins (D:1)
  4 kobolds
  3 rats (D:1)
29 creatures vanquished.

Notes
Turn   | Place    | Note
-------+----------+-------------------------------------------
     0 | D:1      | Sabo the Draconian Conjurer began the quest for the Orb.
     0 | D:1      | Reached XP level 1. HP: 14/14 MP: 3/3
   346 | D:1      | Reached XP level 2. HP: 20/20 MP: 3/5
   875 | D:1      | Found a faded altar of an unknown god.
   893 | D:1      | Prayed at the altar of an unknown god.
   893 | D:1      | Became a worshipper of Fedhas Madash
   893 | D:1      | Reached * piety under Fedhas
   985 | D:2      | Noticed Terence
   992 | D:2      | Killed Terence
   993 | D:2      | Reached skill level 5 in Conjurations
   993 | D:2      | Reached XP level 3. HP: 26/26 MP: 2/6
  1895 | D:2      | Slain by a gnoll

Illustrated notes

Levels and vault maps discovered:
D:1:      lemuel_arrival_hallway, layout_rooms,
          ebering_ecumenical_altar_abandoned, grunt_decor_fettered,
          minivault_19, hangedman_feature_mirror, minmay_tromino_i2
D:2:      layout_basic, uniq_terence

Skill      XL: |  1  2 |
---------------+-------+-----
Conjurations   | 5 |  5.1
Short Blades   | |  0.7
Dodging        | |  1.9
Stealth        | |  1.9
Spellcasting   | |  2.3

Action                   || total
-------------------------++-------
Melee: Unarmed           ||     3
       Dagger            ||    15
       Tailslap          ||     3
       Punch             ||     1
 Cast: Magic Dart        ||    50
Armor: Skin              ||     6
Dodge: Dodged            ||    14

Table legend: (Time is in decaauts)
 A = Elapsed time spent in this place.
 B = Non-inter-level travel time spent in this place.
 C = Inter-level travel time spent in this place.
 D = Time resting spent in this place.
 E = Time spent auto-exploring this place.
 F = Levels seen in this place.
 G = Mean time per level.
                   A        B        C        D        E       F      G
               +--------+--------+--------+--------+--------+-----+--------+
         Total |   1894 |   1894 |      0 |    641 |      0 |   2 |  947.0 |
       Dungeon |   1894 |   1894 |      0 |    641 |      0 |   2 |  947.0 |
               +--------+--------+--------+--------+--------+-----+--------+

Top non-repeatable levels by time:
     D:1: 958 daAuts
     D:2: 935 daAuts
